Senators vs Sabres

Created - 12 décembre 2017 at 15:55

Goals
1 2 3 T
Senators 1 0 1 2
Sabres 1 3 0 4
Shots
1 2 3 T
Senators 6 7 5 18
Sabres 8 17 15 40

1st period

1. Senators , Gabriel Landeskog 5 (J.T. Miller 3, Jay Beagle 6) at 8:51
2. Sabres , Daniel Briere 18 (Dougie Hamilton 13, J.P. Dumont 12) at 14:56 (PP)

Penalties :
Simon Despres (BUF) for Interference (Minor) at 6:13, Tom Wilson (OTT) for Holding (Minor) at 14:28, Jonathan Blum (BUF) for Roughing (Minor) at 19:35

2nd period

3. Sabres , Daniel Briere 19 (Brent Seabrook 19, Andrej Sekera 24) at 4:05
4. Sabres , J.P. Dumont 9 (Alexander Frolov 19, James Van Riemsdyk 14) at 9:34
5. Sabres , Alexander Frolov 17 (Brent Seabrook 20, Nicklas Backstrom 11) at 15:55 (PP)

Penalties :
Greg Amadio (OTT) for Hooking (Minor) at 4:31, Guillaume Desbiens (OTT) for Hooking (Minor) at 15:40, Travis Hamonic (OTT) for Holding (Minor) at 16:37, Guillaume Desbiens (OTT) for Holding (Minor) at 19:54

3rd period

6. Senators , Greg Amadio 4 (Guillaume Desbiens 4, Valtteri Filppula 7) at 10:54 (PP)

Penalties :
Greg Amadio (OTT) for Hooking (Minor) at 7:58, Brent Seabrook (BUF) for Holding (Minor) at 10:11, Dennis Seidenberg (OTT) for Hooking (Minor) at 14:21, Janne Lahti (BUF) for High sticking (Minor) at 16:36

Goalie Stats

Marc-Andre Fleury (OTT), 36 saves from 40 shots - (0,900), L, 4-16-3, 60:00 minutes
Jake Allen (BUF), 16 saves from 18 shots - (0,889), W, 8-3-3, 60:00 minutes

Players Stats for Senators

Player Name              G  A  P  +/- PIM S  H  SB GA TA FO     MP     PP MP  PK MP  
------------------------------------------------------------------------------------
Andrew Cogliano          0  0  0   0  0   2  0  0  0  0  6/20   15:02   3:10   0:00 
Blake Wheeler            0  0  0  -2  0   2  0  0  0  0  0/1    17:58   3:10   0:00 
Boone Jenner             0  0  0  -2  0   1  4  0  0  0  11/27  17:58   3:10   0:00 
Dennis Seidenberg        0  0  0   1  2   0  3  0  0  0  0/0    16:16   0:00   4:11 
Gabriel Landeskog        1  0  1   1  0   4  1  0  0  0  0/1    11:22   0:00   0:00 
Greg Amadio              1  0  1  -1  4   2  4  1  0  0  0/0    21:33   3:53   3:14 
Guillaume Desbiens       0  1  1   0  4   2  4  0  0  0  1/1    15:20   3:30   0:00 
J.T. Miller              0  1  1   1  0   0  0  0  0  0  0/1    11:22   0:00   0:00 
Jarkko Immonen           0  0  0   0  0   0  0  0  0  0  5/10    7:24   0:00   2:44 
Jay Beagle               0  1  1   1  0   0  1  2  0  0  9/27   19:16   0:00   7:54 
Nick Holden              0  0  0  -1  0   0  0  3  0  0  0/0    23:52   2:47   6:10 
Nikita Zaytsev           0  0  0   1  0   3  3  1  0  0  0/0    18:38   2:47   3:01 
Robert Nilsson           0  0  0   0  0   0  0  0  0  0  1/1     5:48   0:00   1:08 
Ron Hainsey              0  0  0  -1  0   1  0  3  0  0  0/0    20:48   0:00   4:40 
Tom Wilson               0  0  0   0  2   1  1  0  0  0  0/0    11:45   0:00   7:06 
Travis Hamonic           0  0  0  -1  2   0  2  1  0  0  0/0    18:49   3:53   0:00 
Troy Brouwer             0  0  0  -2  0   0  2  0  0  0  0/0    20:42   3:30   2:24 
Valtteri Filppula        0  1  1   0  0   0  0  0  0  0  3/6    15:22   3:30   0:00 

Players Stats for Sabres

Player Name              G  A  P  +/- PIM S  H  SB GA TA FO     MP     PP MP  PK MP  
------------------------------------------------------------------------------------
Alexander Frolov         1  1  2   1  0   7  0  0  0  0  13/22  20:19   5:20   4:48 
Andrej Sekera            0  1  1   1  0   2  1  2  0  0  0/0    26:27   5:14   3:13 
Brandon Pirri            0  0  0  -1  0   0  0  0  0  0  1/8     8:48   0:00   0:00 
Brent Seabrook           0  2  2   2  2   3  1  2  0  0  0/0    27:46   5:14   3:21 
Cory Conacher            0  0  0  -1  0   0  0  0  0  0  0/0     8:48   0:00   0:00 
Daniel Briere            2  0  2   1  0   4  5  0  0  0  26/35  19:11   5:18   0:00 
Darren Helm              0  0  0   1  0   1  0  0  0  0  0/0    13:53   0:00   0:00 
Dougie Hamilton          0  1  1   0  0   6  0  1  0  0  0/0    21:45   5:24   3:27 
J.P. Dumont              1  1  2   1  0   4  0  0  0  0  0/1    20:05   5:18   4:36 
James Van Riemsdyk       0  1  1   1  0   4  4  0  0  0  0/0    15:29   5:18   0:00 
Janne Lahti              0  0  0  -1  2   0  4  0  0  0  0/0     8:47   0:00   0:00 
Jonathan Blum            0  0  0  -1  2   0  3  0  0  0  0/0    10:35   0:00   0:00 
Mike Iggulden            0  0  0   0  0   1  4  0  0  0  2/2     9:50   0:00   0:00 
Milan Lucic              0  0  0   0  0   2  5  0  0  0  0/0    17:14   5:20   2:04 
Nicklas Backstrom        0  1  1   1  0   5  0  0  0  0  9/14   21:05   5:20   1:52 
Olli Maata               0  0  0   0  0   1  0  1  0  0  0/0    12:20   0:00   0:32 
Simon Despres            0  0  0   0  2   0  1  0  0  0  0/0    21:04   5:24   2:47 
Victor Rask              0  0  0   0  0   0  0  0  0  0  8/13    9:50   0:00   0:00 

3 Stars

1 - Daniel Briere (BUF)
2 - Alexander Frolov (BUF)
3 - J.P. Dumont (BUF)

Power Play

Senators - 1 on 4 Attempt(s) - 25,00%
Sabres - 2 on 7 Attempt(s) - 28,57%

Penalty Kill

Senators - 5 on 7 Attempt(s) - 71,43% - Score 0 goal in Penalty Kill
Sabres - 3 on 4 Attempt(s) - 75,00% - Score 0 goal in Penalty Kill

Team Stat

Senators - Hits : 25 - Faceoff Wins : 36 - Blocked Shots : 11 - Penalty Minutes : 14
Sabres - Hits : 28 - Faceoff Wins : 59 - Blocked Shots : 6 - Penalty Minutes : 8

Official

Referees : Kendrick Nicholson and Kelly Sutherland
Linesman : Chris Aughe and Anthony Giorgio

Game Notes

No Game Note

Finance

Level 1 -- Attendance: 5689 (91,02%) -- Ticket Income 540 455 $
Level 2 -- Attendance: 4810 (91,62%) -- Ticket Income 288 600 $
Level 3 -- Attendance: 2499 (76,89%) -- Ticket Income 79 968 $
Level 4 -- Attendance: 4250 (100,00%) -- Ticket Income 85 000 $
Luxury Box -- Attendance: 1265 (100,00%) -- Ticket Income 253 000 $
Game was played at the MTS Centre.
Total Attendance: 18513 (91,35%)
Total Ticket Income: 1 247 023 $
Other Income: 611 041 $
Total Income: 1 858 064 $

Senators

5 vs 5 Forward 
   Center                   Left Wing                Right Wing               Time % Phy DF OF 
 1 Boone Jenner             Troy Brouwer             Blake Wheeler            38     0   1  4  
 2 Andrew Cogliano          Valtteri Filppula        Guillaume Desbiens       32     0   1  4  
 3 Jay Beagle               Gabriel Landeskog        J.T. Miller              25     1   2  2  
 4 Jarkko Immonen           Robert Nilsson           Tom Wilson               5      1   3  1  

5 vs 5 Defense 
   Defense                  Defense                                           Time % Phy DF OF 
 1 Greg Amadio              Nick Holden                                       35     0   2  3  
 2 Travis Hamonic           Ron Hainsey                                       32     0   2  3  
 3 Dennis Seidenberg        Nikita Zaytsev                                    28     1   2  2  
 4 Ron Hainsey              Nikita Zaytsev                                    5      1   2  2  

PowerPlay Forward 
   Center                   Left Wing                Right Wing               Time % Phy DF OF 
 1 Boone Jenner             Andrew Cogliano          Blake Wheeler            52     0   0  5  
 2 Valtteri Filppula        Guillaume Desbiens       Troy Brouwer             48     0   0  5  

PowerPlay Defense
   Defense                  Defense                                           Time % Phy DF OF 
 1 Travis Hamonic           Greg Amadio                                       55     0   0  5  
 2 Nick Holden              Nikita Zaytsev                                    45     0   0  5  

Penalty Kill 4 Players Forward 
   Center                   Wing                     Time % Phy DF OF 
 1 Jay Beagle               Tom Wilson               60     1   3  1  
 2 Jarkko Immonen           Troy Brouwer             40     1   3  1  

Penalty Kill 4 Players Defense
   Defense                  Defense                  Time % Phy DF OF 
 1 Greg Amadio              Nick Holden              60     1   4  0  
 2 Dennis Seidenberg        Ron Hainsey              40     1   4  0  

Penalty Kill - 3 Players Forward 
   Forward                                           Time % Phy DF OF 
 1 Jay Beagle                                        50     1   3  1  
 2 Jarkko Immonen                                    50     1   3  1  

Penalty Kill - 3 Players Defense
   Defense                  Defense                  Time % Phy DF OF 
 1 Greg Amadio              Nick Holden              55     1   3  1  
 2 Dennis Seidenberg        Ron Hainsey              45     1   3  1  

4 vs 4 Forward 
   Center                   Wing                     Time % Phy DF OF 
 1 Boone Jenner             Blake Wheeler            60     0   1  4  
 2 J.T. Miller              Andrew Cogliano          40     0   2  3  

4 vs 4 Defense
   Defense                  Defense                  Time % Phy DF OF 
 1 Greg Amadio              Travis Hamonic           55     1   2  2  
 2 Ron Hainsey              Nick Holden              45     1   2  2  

Last Minutes Offensive
   Center                   Left Wing                Right Wing               Defense                  Defense                  
   Boone Jenner             Andrew Cogliano          Blake Wheeler            Greg Amadio              Travis Hamonic           

Last Minutes Defensive
   Center                   Left Wing                Right Wing               Defense                  Defense                  
   Jay Beagle               Troy Brouwer             Tom Wilson               Greg Amadio              Nick Holden              

Goaltenders
Starting : Marc-Andre Fleury        
Backup : Jacob Markstrom          

Extra Forwards
Normal : Andrew Cogliano, Blake Wheeler, Boone Jenner - PP : Andrew Cogliano, Blake Wheeler - PK : Jay Beagle
Extra Defensemen
Normal : Greg Amadio, Nikita Zaytsev, Nick Holden - PP : Travis Hamonic - PK : Dennis Seidenberg, Nick Holden
Penalty Shots
Greg Amadio, Blake Wheeler, Andrew Cogliano, Troy Brouwer, Boone Jenner
Custom OT Lines Forwards
Boone Jenner, Blake Wheeler, Andrew Cogliano, Gabriel Landeskog, Troy Brouwer, J.T. Miller, Valtteri Filppula, Guillaume Desbiens, Jay Beagle, Tom Wilson
Custom OT Lines Defensemen
Greg Amadio, Nick Holden, Travis Hamonic, Nikita Zaytsev, Ron Hainsey

Scratches
David Krejci (Torn Left Knee Ligaments Injury)

Sabres

5 vs 5 Forward 
   Center                   Left Wing                Right Wing               Time % Phy DF OF 
 1 Daniel Briere            Nicklas Backstrom        Darren Helm              40     0   2  3  
 2 Alexander Frolov         James Van Riemsdyk       J.P. Dumont              30     0   2  3  
 3 Victor Rask              Milan Lucic              Mike Iggulden            20     0   2  3  
 4 Brandon Pirri            Janne Lahti              Cory Conacher            10     0   3  2  

5 vs 5 Defense 
   Defense                  Defense                                           Time % Phy DF OF 
 1 Brent Seabrook           Andrej Sekera                                     40     0   4  1  
 2 Dougie Hamilton          Simon Despres                                     30     0   4  1  
 3 Brent Seabrook           Olli Maata                                        20     0   4  1  
 4 Andrej Sekera            Jonathan Blum                                     10     0   5  0  

PowerPlay Forward 
   Center                   Left Wing                Right Wing               Time % Phy DF OF 
 1 Nicklas Backstrom        Alexander Frolov         Milan Lucic              60     0   0  5  
 2 Daniel Briere            James Van Riemsdyk       J.P. Dumont              40     0   0  5  

PowerPlay Defense
   Defense                  Defense                                           Time % Phy DF OF 
 1 Brent Seabrook           Andrej Sekera                                     60     0   1  4  
 2 Dougie Hamilton          Simon Despres                                     40     0   1  4  

Penalty Kill 4 Players Forward 
   Center                   Wing                     Time % Phy DF OF 
 1 Alexander Frolov         J.P. Dumont              60     0   4  1  
 2 Nicklas Backstrom        Milan Lucic              40     0   4  1  

Penalty Kill 4 Players Defense
   Defense                  Defense                  Time % Phy DF OF 
 1 Andrej Sekera            Brent Seabrook           60     0   5  0  
 2 Dougie Hamilton          Simon Despres            40     0   5  0  

Penalty Kill - 3 Players Forward 
   Forward                                           Time % Phy DF OF 
 1 Milan Lucic                                       60     0   5  0  
 2 Nicklas Backstrom                                 40     0   5  0  

Penalty Kill - 3 Players Defense
   Defense                  Defense                  Time % Phy DF OF 
 1 Brent Seabrook           Andrej Sekera            60     0   5  0  
 2 Dougie Hamilton          Simon Despres            40     0   5  0  

4 vs 4 Forward 
   Center                   Wing                     Time % Phy DF OF 
 1 Milan Lucic              J.P. Dumont              60     0   2  3  
 2 James Van Riemsdyk       Nicklas Backstrom        40     0   2  3  

4 vs 4 Defense
   Defense                  Defense                  Time % Phy DF OF 
 1 Brent Seabrook           Andrej Sekera            60     0   4  1  
 2 Dougie Hamilton          Simon Despres            40     0   4  1  

Last Minutes Offensive
   Center                   Left Wing                Right Wing               Defense                  Defense                  
   Nicklas Backstrom        Alexander Frolov         Daniel Briere            Brent Seabrook           Andrej Sekera            

Last Minutes Defensive
   Center                   Left Wing                Right Wing               Defense                  Defense                  
   Nicklas Backstrom        Alexander Frolov         Daniel Briere            Brent Seabrook           Andrej Sekera            

Goaltenders
Starting : Jake Allen               
Backup : Michal Neuvirth          

Extra Forwards
Normal : J.P. Dumont, Nicklas Backstrom, Milan Lucic - PP : Milan Lucic, Nicklas Backstrom - PK : Milan Lucic
Extra Defensemen
Normal : Brent Seabrook, Simon Despres, Dougie Hamilton - PP : Dougie Hamilton - PK : Simon Despres, Dougie Hamilton
Penalty Shots
James Van Riemsdyk, J.P. Dumont, Milan Lucic, Nicklas Backstrom, Alexander Frolov
Custom OT Lines Forwards
James Van Riemsdyk, Alexander Frolov, Nicklas Backstrom, Darren Helm, Victor Rask, J.P. Dumont, Cory Conacher, Milan Lucic, Janne Lahti, Mike Iggulden
Custom OT Lines Defensemen
Brent Seabrook, Olli Maata, Dougie Hamilton, Simon Despres, Andrej Sekera

Scratches
Jordan Nolan (Healthy), Connor Murphy (Healthy)

% Time on Ice - Senators

Lines # - Real PCT - Wanted PCT - Time Play
Normal Forward
1 - 35% - 38% - 14:48
2 - 28% - 32% - 11:52
3 - 27% - 25% - 11:22
4 - 11% - 5% - 4:40
Normal Defense
1 - 34% - 35% - 14:28
2 - 35% - 32% - 14:57
3 - 28% - 28% - 12:06
4 - 3% - 5% - 1:11
PP Forward
1 - 48% - 52% - 3:10
2 - 53% - 48% - 3:30
PP Defense
1 - 58% - 55% - 3:53
2 - 42% - 45% - 2:47
PK Forward
1 - 77% - 60% - 8:14
2 - 23% - 40% - 2:24
PK Defense
1 - 57% - 60% - 6:01
2 - 43% - 40% - 4:37
PK3 Forward
1 - 0% - 50%
2 - 0% - 50%
PK3 Defense
1 - 0% - 55%
2 - 0% - 45%
44 Forward
1 - 0% - 60%
2 - 0% - 40%
44 Defense
1 - 0% - 55%
2 - 0% - 45%
Last Minute Offensive  - 0:00
Last Minute Defensive  - 0:00
Total
Forward - 60:00
Defense - 60:00

% Time on Ice - Sabres

Lines # - Real PCT - Wanted PCT - Time Play
Normal Forward
1 - 33% - 40% - 13:53
2 - 24% - 30% - 10:11
3 - 23% - 20% - 9:50
4 - 21% - 10% - 8:48
Normal Defense
1 - 19% - 40% - 8:10
2 - 30% - 30% - 12:54
3 - 28% - 20% - 11:48
4 - 23% - 10% - 9:50
PP Forward
1 - 50% - 60% - 5:20
2 - 50% - 40% - 5:18
PP Defense
1 - 49% - 60% - 5:14
2 - 51% - 40% - 5:24
PK Forward
1 - 72% - 60% - 4:48
2 - 28% - 40% - 1:52
PK Defense
1 - 48% - 60% - 3:12
2 - 52% - 40% - 3:28
PK3 Forward
1 - 0% - 60%
2 - 0% - 40%
PK3 Defense
1 - 0% - 60%
2 - 0% - 40%
44 Forward
1 - 0% - 60%
2 - 0% - 40%
44 Defense
1 - 0% - 60%
2 - 0% - 40%
Last Minute Offensive  - 0:00
Last Minute Defensive  - 0:00
Total
Forward - 60:00
Defense - 60:00

Play by Play

1st period


0:01 of 1st period - Daniel Briere wins face-off versus Boone Jenner in neutral zone.
0:01 of 1st period - Daniel Briere is hit by Boone Jenner.
0:04 of 1st period - Off-side.
0:05 of 1st period - Alexander Frolov wins face-off versus Andrew Cogliano in neutral zone.
1:33 of 1st period - Shot by Dennis Seidenberg.
1:33 of 1st period - Shot Blocked by Andrej Sekera.
2:36 of 1st period - Icing by Greg Amadio.
2:37 of 1st period - Victor Rask wins face-off versus Gabriel Landeskog in Senators zone.
3:11 of 1st period - Shot by Milan Lucic.
3:11 of 1st period - Shot Hit the Post.
3:13 of 1st period - Shot by Dougie Hamilton.
3:13 of 1st period - Shot Misses the Net.
3:48 of 1st period - Janne Lahti is hit by Tom Wilson and loses puck.
4:49 of 1st period - Shot by Alexander Frolov.
4:49 of 1st period - Stopped by Marc-Andre Fleury without a rebound.
4:50 of 1st period - Valtteri Filppula wins face-off versus Victor Rask in Senators zone.
4:50 of 1st period - Valtteri Filppula is hit by Mike Iggulden.
4:53 of 1st period - Andrew Cogliano is hit by Mike Iggulden and loses puck.
5:10 of 1st period - Off-side.
5:11 of 1st period - Daniel Briere wins face-off versus Jay Beagle in neutral zone.
5:27 of 1st period - Andrej Sekera is hit by Jay Beagle and loses puck.
5:45 of 1st period - Off-side.
5:46 of 1st period - Alexander Frolov wins face-off versus Andrew Cogliano in neutral zone.
5:46 of 1st period - J.P. Dumont is hit by Guillaume Desbiens.
5:54 of 1st period - Shot by James Van Riemsdyk.
5:54 of 1st period - Stopped by Marc-Andre Fleury without a rebound.
5:55 of 1st period - Boone Jenner wins face-off versus Alexander Frolov in Senators zone.
6:06 of 1st period - Shot by Blake Wheeler.
6:06 of 1st period - Shot Misses the Net.
6:08 of 1st period - Shot by Boone Jenner.
6:08 of 1st period - Stopped by Jake Allen without a rebound.
6:09 of 1st period - Daniel Briere wins face-off versus Andrew Cogliano in Sabres zone.
6:11 of 1st period - Icing by Nicklas Backstrom.
6:12 of 1st period - Andrew Cogliano wins face-off versus Daniel Briere in Sabres zone.
6:12 of 1st period - Andrew Cogliano is hit by Simon Despres.
6:13 of 1st period - Minor Penalty to Simon Despres for Interference.
6:14 of 1st period - Boone Jenner wins face-off versus Alexander Frolov in Sabres zone.
6:21 of 1st period - Shot by Boone Jenner.
6:21 of 1st period - Deflect By Andrew Cogliano.
6:21 of 1st period - Shot Hit the Post.
6:23 of 1st period - Shot by Travis Hamonic.
6:23 of 1st period - Shot Misses the Net.
6:25 of 1st period - Shot by Greg Amadio.
6:25 of 1st period - Stopped by Jake Allen without a rebound.
6:26 of 1st period - Alexander Frolov wins face-off versus Valtteri Filppula in Sabres zone.
6:41 of 1st period - Dougie Hamilton is hit by Guillaume Desbiens and loses puck.
6:46 of 1st period - Shot by Nikita Zaytsev.
6:46 of 1st period - Shot Blocked by Brent Seabrook.
7:00 of 1st period - Shot by Nikita Zaytsev.
7:00 of 1st period - Shot Misses the Net.
7:04 of 1st period - Shot by Valtteri Filppula.
7:04 of 1st period - Shot Misses the Net.
7:06 of 1st period - Shot by Troy Brouwer.
7:06 of 1st period - Shot Blocked by Andrej Sekera.
7:08 of 1st period - Shot by Troy Brouwer.
7:08 of 1st period - Shot Misses the Net.
7:10 of 1st period - Shot by Troy Brouwer.
7:10 of 1st period - Shot Misses the Net.
8:51 of 1st period - Shot by Gabriel Landeskog.
8:51 of 1st period - Goal by Gabriel Landeskog - Senators : 1 - Sabres : 0.
8:52 of 1st period - Daniel Briere wins face-off versus Jarkko Immonen in neutral zone.
9:01 of 1st period - Shot by Dougie Hamilton.
9:01 of 1st period - Shot Blocked by Ron Hainsey.
9:09 of 1st period - Shot by Dougie Hamilton.
9:09 of 1st period - Stopped by Marc-Andre Fleury without a rebound.
9:10 of 1st period - Boone Jenner wins face-off versus Alexander Frolov in Senators zone.
9:21 of 1st period - Nick Holden is hit by James Van Riemsdyk and loses puck.
9:43 of 1st period - Shot by Troy Brouwer.
9:43 of 1st period - Deflect By Boone Jenner.
9:43 of 1st period - Shot Misses the Net.
9:59 of 1st period - Travis Hamonic is hit by James Van Riemsdyk.
10:52 of 1st period - Icing by Gabriel Landeskog.
10:53 of 1st period - Daniel Briere wins face-off versus Jay Beagle in Senators zone.
10:53 of 1st period - Daniel Briere is hit by Nikita Zaytsev.
10:57 of 1st period - Shot by Nicklas Backstrom.
10:57 of 1st period - Stopped by Marc-Andre Fleury without a rebound.
10:58 of 1st period - Daniel Briere wins face-off versus Boone Jenner in Senators zone.
10:58 of 1st period - Daniel Briere is hit by Dennis Seidenberg.
11:23 of 1st period - Icing by Nikita Zaytsev.
11:24 of 1st period - Boone Jenner wins face-off versus Victor Rask in Senators zone.
12:06 of 1st period - Shot by Guillaume Desbiens.
12:06 of 1st period - Stopped by Jake Allen without a rebound.
12:07 of 1st period - Jay Beagle wins face-off versus Daniel Briere in Sabres zone.
12:35 of 1st period - Shot by J.T. Miller.
12:35 of 1st period - Shot Misses the Net.
13:25 of 1st period - Shot by Valtteri Filppula.
13:25 of 1st period - Shot Misses the Net.
13:27 of 1st period - Shot by Ron Hainsey.
13:27 of 1st period - Shot Misses the Net.
13:29 of 1st period - Shot by Ron Hainsey.
13:29 of 1st period - Stopped by Jake Allen without a rebound.
13:30 of 1st period - Alexander Frolov wins face-off versus Boone Jenner in Sabres zone.
13:30 of 1st period - Brent Seabrook is hit by Boone Jenner and loses puck.
13:34 of 1st period - Olli Maata is hit by Boone Jenner and loses puck.
13:42 of 1st period - James Van Riemsdyk is hit by Nikita Zaytsev and loses puck.
13:45 of 1st period - Shot by Alexander Frolov.
13:45 of 1st period - Shot Blocked by Nikita Zaytsev.
13:49 of 1st period - Shot by J.P. Dumont.
13:49 of 1st period - Stopped by Marc-Andre Fleury without a rebound.
13:50 of 1st period - Robert Nilsson wins face-off versus Victor Rask in Senators zone.
13:50 of 1st period - Robert Nilsson is hit by Mike Iggulden.
14:28 of 1st period - Minor Penalty to Tom Wilson for Holding.
14:29 of 1st period - Daniel Briere wins face-off versus Jay Beagle in Senators zone.
14:46 of 1st period - Shot by James Van Riemsdyk.
14:46 of 1st period - Stopped by Marc-Andre Fleury with a rebound.
14:54 of 1st period - Shot by Dougie Hamilton.
14:54 of 1st period - Shot Blocked by Jay Beagle.
14:56 of 1st period - Shot by Dougie Hamilton.
14:56 of 1st period - Deflect By Daniel Briere.
14:56 of 1st period - Goal by Daniel Briere - Senators : 1 - Sabres : 1.
14:57 of 1st period - Andrew Cogliano wins face-off versus Brandon Pirri in neutral zone.
15:02 of 1st period - Shot by Guillaume Desbiens.
15:02 of 1st period - Stopped by Jake Allen without a rebound.
15:03 of 1st period - Boone Jenner wins face-off versus Victor Rask in Sabres zone.
15:27 of 1st period - Shot by Travis Hamonic.
15:27 of 1st period - Shot Blocked by Brent Seabrook.
15:53 of 1st period - Andrej Sekera is hit by Troy Brouwer and loses puck.
17:35 of 1st period - Icing by J.P. Dumont.
17:36 of 1st period - Jarkko Immonen wins face-off versus Alexander Frolov in Sabres zone.
17:36 of 1st period - Jarkko Immonen is hit by Brent Seabrook.
17:46 of 1st period - Shot by Alexander Frolov.
17:46 of 1st period - Stopped by Marc-Andre Fleury with a rebound.
17:54 of 1st period - Shot by Alexander Frolov.
17:54 of 1st period - Shot Misses the Net.
17:58 of 1st period - Shot by J.P. Dumont.
17:58 of 1st period - Shot Blocked by Nick Holden.
18:05 of 1st period - Icing by Greg Amadio.
18:06 of 1st period - Jarkko Immonen wins face-off versus Brandon Pirri in Senators zone.
18:06 of 1st period - Nick Holden is hit by Janne Lahti.
18:09 of 1st period - Greg Amadio is hit by Jonathan Blum and loses puck.
18:41 of 1st period - Valtteri Filppula is hit by Jonathan Blum and loses puck.
19:15 of 1st period - Jonathan Blum is hit by Dennis Seidenberg and loses puck.
19:35 of 1st period - Minor Penalty to Jonathan Blum for Roughing.
19:36 of 1st period - Alexander Frolov wins face-off versus Boone Jenner in Sabres zone.
19:44 of 1st period - Icing by Andrew Cogliano.
19:45 of 1st period - Andrew Cogliano wins face-off versus Alexander Frolov in Senators zone.
Goals for this period are 1 for Senators vs 1 for Sabres.
Shots for this period are 6 for Senators vs 8 for Sabres.

2nd period


0:01 of 2nd period - Alexander Frolov wins face-off versus Blake Wheeler in neutral zone.
0:38 of 2nd period - Shot by Blake Wheeler.
0:38 of 2nd period - Deflect By Andrew Cogliano.
0:38 of 2nd period - Stopped by Jake Allen without a rebound.
0:39 of 2nd period - Nicklas Backstrom wins face-off versus Valtteri Filppula in Sabres zone.
0:58 of 2nd period - Shot by Nikita Zaytsev.
0:58 of 2nd period - Stopped by Jake Allen with a rebound.
2:56 of 2nd period - Shot by Tom Wilson.
2:56 of 2nd period - Stopped by Jake Allen without a rebound.
2:57 of 2nd period - Mike Iggulden wins face-off versus Boone Jenner in Sabres zone.
3:06 of 2nd period - Shot by Blake Wheeler.
3:06 of 2nd period - Shot Misses the Net.
3:10 of 2nd period - Shot by Blake Wheeler.
3:10 of 2nd period - Shot Misses the Net.
3:12 of 2nd period - Shot by Nikita Zaytsev.
3:12 of 2nd period - Stopped by Jake Allen without a rebound.
3:13 of 2nd period - Daniel Briere wins face-off versus Andrew Cogliano in Sabres zone.
3:30 of 2nd period - Shot by Darren Helm.
3:30 of 2nd period - Stopped by Marc-Andre Fleury without a rebound.
3:31 of 2nd period - Alexander Frolov wins face-off versus Boone Jenner in Senators zone.
3:31 of 2nd period - Alexander Frolov is hit by Greg Amadio.
3:35 of 2nd period - Shot by Andrej Sekera.
3:35 of 2nd period - Shot Hit the Post.
3:39 of 2nd period - Shot by Alexander Frolov.
3:39 of 2nd period - Shot Misses the Net.
3:41 of 2nd period - Shot by James Van Riemsdyk.
3:41 of 2nd period - Shot Misses the Net.
3:43 of 2nd period - Shot by Jonathan Blum.
3:43 of 2nd period - Shot Misses the Net.
3:51 of 2nd period - Shot by J.P. Dumont.
3:51 of 2nd period - Stopped by Marc-Andre Fleury without a rebound.
3:52 of 2nd period - Daniel Briere wins face-off versus Andrew Cogliano in Senators zone.
3:55 of 2nd period - Shot by Daniel Briere.
3:55 of 2nd period - Shot Misses the Net.
3:57 of 2nd period - Shot by Daniel Briere.
3:57 of 2nd period - Stopped by Marc-Andre Fleury without a rebound.
3:58 of 2nd period - Daniel Briere wins face-off versus Boone Jenner in Senators zone.
4:05 of 2nd period - Shot by Daniel Briere.
4:05 of 2nd period - Goal by Daniel Briere - Senators : 1 - Sabres : 2.
4:06 of 2nd period - Boone Jenner wins face-off versus Daniel Briere in neutral zone.
4:09 of 2nd period - Shot by Blake Wheeler.
4:09 of 2nd period - Stopped by Jake Allen without a rebound.
4:10 of 2nd period - Daniel Briere wins face-off versus Boone Jenner in Sabres zone.
4:12 of 2nd period - Icing by Brent Seabrook.
4:13 of 2nd period - Daniel Briere wins face-off versus Boone Jenner in Sabres zone.
4:31 of 2nd period - Minor Penalty to Greg Amadio for Hooking.
4:32 of 2nd period - Nicklas Backstrom wins face-off versus Jay Beagle in Senators zone.
4:47 of 2nd period - Shot by Dougie Hamilton.
4:47 of 2nd period - Stopped by Marc-Andre Fleury without a rebound.
4:48 of 2nd period - Daniel Briere wins face-off versus Jay Beagle in Senators zone.
5:55 of 2nd period - Shot by Simon Despres.
5:55 of 2nd period - Shot Blocked by Nick Holden.
5:57 of 2nd period - Shot by Dougie Hamilton.
5:57 of 2nd period - Stopped by Marc-Andre Fleury without a rebound.
5:58 of 2nd period - Nicklas Backstrom wins face-off versus Jarkko Immonen in Senators zone.
6:31 of 2nd period - Nicklas Backstrom is hit by Travis Hamonic and loses puck.
7:41 of 2nd period - Shot by Daniel Briere.
7:41 of 2nd period - Stopped by Marc-Andre Fleury without a rebound.
7:42 of 2nd period - Victor Rask wins face-off versus Jay Beagle in Senators zone.
8:32 of 2nd period - Icing by Simon Despres.
8:33 of 2nd period - Victor Rask wins face-off versus Andrew Cogliano in Sabres zone.
8:48 of 2nd period - Shot by Daniel Briere.
8:48 of 2nd period - Deflect By Darren Helm.
8:48 of 2nd period - Shot Misses the Net.
8:59 of 2nd period - Off-side.
9:00 of 2nd period - Alexander Frolov wins face-off versus Boone Jenner in neutral zone.
9:03 of 2nd period - Ron Hainsey is hit by James Van Riemsdyk and loses puck.
9:10 of 2nd period - Shot by James Van Riemsdyk.
9:10 of 2nd period - Deflect By J.P. Dumont.
9:10 of 2nd period - Shot Misses the Net.
9:16 of 2nd period - Shot by Alexander Frolov.
9:16 of 2nd period - Stopped by Marc-Andre Fleury with a rebound.
9:30 of 2nd period - Shot by J.P. Dumont.
9:30 of 2nd period - Shot Misses the Net.
9:32 of 2nd period - Shot by Alexander Frolov.
9:32 of 2nd period - Shot Blocked by Travis Hamonic.
9:34 of 2nd period - Shot by J.P. Dumont.
9:34 of 2nd period - Goal by J.P. Dumont - Senators : 1 - Sabres : 3.
9:35 of 2nd period - Daniel Briere wins face-off versus Andrew Cogliano in neutral zone.
9:50 of 2nd period - Shot by Daniel Briere.
9:50 of 2nd period - Deflect By Nicklas Backstrom.
9:50 of 2nd period - Stopped by Marc-Andre Fleury without a rebound.
9:51 of 2nd period - Jay Beagle wins face-off versus Victor Rask in Senators zone.
10:12 of 2nd period - Shot by Gabriel Landeskog.
10:12 of 2nd period - Shot Misses the Net.
10:20 of 2nd period - Jay Beagle is hit by Milan Lucic and loses puck.
10:42 of 2nd period - Jay Beagle is hit by Daniel Briere and loses puck.
10:46 of 2nd period - Jay Beagle is hit by Daniel Briere and loses puck.
11:01 of 2nd period - Shot by Dougie Hamilton.
11:01 of 2nd period - Stopped by Marc-Andre Fleury with a rebound.
11:03 of 2nd period - Shot by Darren Helm.
11:03 of 2nd period - Shot Blocked by Greg Amadio.
11:10 of 2nd period - Nick Holden is hit by Daniel Briere and loses puck.
11:17 of 2nd period - Shot by Nicklas Backstrom.
11:17 of 2nd period - Shot Misses the Net.
11:19 of 2nd period - Shot by Simon Despres.
11:19 of 2nd period - Shot Misses the Net.
11:21 of 2nd period - Shot by Dougie Hamilton.
11:21 of 2nd period - Stopped by Marc-Andre Fleury without a rebound.
11:22 of 2nd period - Andrew Cogliano wins face-off versus Alexander Frolov in Senators zone.
11:22 of 2nd period - Andrew Cogliano is hit by James Van Riemsdyk.
11:39 of 2nd period - Off-side.
11:40 of 2nd period - Victor Rask wins face-off versus Boone Jenner in neutral zone.
11:42 of 2nd period - Andrej Sekera is hit by Greg Amadio and loses puck.
11:53 of 2nd period - Shot by Blake Wheeler.
11:53 of 2nd period - Shot Misses the Net.
12:24 of 2nd period - Icing by Troy Brouwer.
12:25 of 2nd period - Daniel Briere wins face-off versus Boone Jenner in Senators zone.
13:16 of 2nd period - Icing by Travis Hamonic.
13:17 of 2nd period - Andrew Cogliano wins face-off versus Alexander Frolov in Senators zone.
13:35 of 2nd period - Off-side.
13:36 of 2nd period - Mike Iggulden wins face-off versus Jay Beagle in neutral zone.
14:00 of 2nd period - J.T. Miller is hit by Jonathan Blum and loses puck.
14:54 of 2nd period - Shot by Daniel Briere.
14:54 of 2nd period - Shot Misses the Net.
14:56 of 2nd period - Shot by Nicklas Backstrom.
14:56 of 2nd period - Shot Misses the Net.
15:21 of 2nd period - Icing by Brent Seabrook.
15:22 of 2nd period - Alexander Frolov wins face-off versus Andrew Cogliano in Sabres zone.
15:22 of 2nd period - Alexander Frolov is hit by Guillaume Desbiens.
15:25 of 2nd period - Icing by Olli Maata.
15:26 of 2nd period - Alexander Frolov wins face-off versus Andrew Cogliano in Sabres zone.
15:26 of 2nd period - Alexander Frolov is hit by Guillaume Desbiens.
15:31 of 2nd period - Off-side.
15:32 of 2nd period - Valtteri Filppula wins face-off versus Alexander Frolov in neutral zone.
15:40 of 2nd period - Minor Penalty to Guillaume Desbiens for Hooking.
15:41 of 2nd period - Jay Beagle wins face-off versus Nicklas Backstrom in Senators zone.
15:41 of 2nd period - Jay Beagle is hit by Milan Lucic.
15:55 of 2nd period - Shot by Alexander Frolov.
15:55 of 2nd period - Goal by Alexander Frolov - Senators : 1 - Sabres : 4.
15:56 of 2nd period - Nicklas Backstrom wins face-off versus Andrew Cogliano in neutral zone.
16:09 of 2nd period - Shot by Nicklas Backstrom.
16:09 of 2nd period - Stopped by Marc-Andre Fleury without a rebound.
16:10 of 2nd period - Boone Jenner wins face-off versus J.P. Dumont in Senators zone.
16:30 of 2nd period - Shot by Blake Wheeler.
16:30 of 2nd period - Stopped by Jake Allen with a rebound.
16:37 of 2nd period - Minor Penalty to Travis Hamonic for Holding.
16:38 of 2nd period - Nicklas Backstrom wins face-off versus Jay Beagle in Senators zone.
16:49 of 2nd period - Shot by Alexander Frolov.
16:49 of 2nd period - Shot Misses the Net.
16:51 of 2nd period - Shot by Dougie Hamilton.
16:51 of 2nd period - Shot Misses the Net.
16:53 of 2nd period - Shot by Alexander Frolov.
16:53 of 2nd period - Stopped by Marc-Andre Fleury without a rebound.
16:54 of 2nd period - Daniel Briere wins face-off versus Jay Beagle in Senators zone.
17:14 of 2nd period - Icing by Andrej Sekera.
17:15 of 2nd period - Jay Beagle wins face-off versus Daniel Briere in Sabres zone.
17:32 of 2nd period - Shot by Andrej Sekera.
17:32 of 2nd period - Stopped by Marc-Andre Fleury without a rebound.
17:33 of 2nd period - Jay Beagle wins face-off versus Nicklas Backstrom in Senators zone.
17:44 of 2nd period - Ron Hainsey is hit by Milan Lucic and loses puck.
18:46 of 2nd period - Shot by Olli Maata.
18:46 of 2nd period - Stopped by Marc-Andre Fleury without a rebound.
18:47 of 2nd period - Boone Jenner wins face-off versus Brandon Pirri in Senators zone.
18:47 of 2nd period - Boone Jenner is hit by Janne Lahti.
18:58 of 2nd period - Brent Seabrook is hit by Boone Jenner.
19:01 of 2nd period - Off-side.
19:02 of 2nd period - Andrew Cogliano wins face-off versus Daniel Briere in neutral zone.
19:08 of 2nd period - Icing by Jonathan Blum.
19:09 of 2nd period - Daniel Briere wins face-off versus Andrew Cogliano in Sabres zone.
19:22 of 2nd period - Shot by Nick Holden.
19:22 of 2nd period - Shot Misses the Net.
19:24 of 2nd period - Shot by Andrew Cogliano.
19:24 of 2nd period - Stopped by Jake Allen without a rebound.
19:25 of 2nd period - Alexander Frolov wins face-off versus Boone Jenner in Sabres zone.
19:53 of 2nd period - Off-side.
19:54 of 2nd period - Daniel Briere wins face-off versus Andrew Cogliano in neutral zone.
19:54 of 2nd period - Minor Penalty to Guillaume Desbiens for Holding.
19:55 of 2nd period - Nicklas Backstrom wins face-off versus Jay Beagle in Senators zone.
Goals for this period are 0 for Senators vs 3 for Sabres.
Shots for this period are 7 for Senators vs 17 for Sabres.

3rd period


0:01 of 3rd period - Jay Beagle wins face-off versus Nicklas Backstrom in neutral zone.
1:30 of 3rd period - Icing by Daniel Briere.
1:31 of 3rd period - Jay Beagle wins face-off versus Daniel Briere in Sabres zone.
2:19 of 3rd period - Shot by Cory Conacher.
2:19 of 3rd period - Shot Misses the Net.
2:21 of 3rd period - Shot by Brent Seabrook.
2:21 of 3rd period - Stopped by Marc-Andre Fleury without a rebound.
2:22 of 3rd period - Victor Rask wins face-off versus Boone Jenner in Senators zone.
2:25 of 3rd period - Shot by Milan Lucic.
2:25 of 3rd period - Shot Misses the Net.
3:27 of 3rd period - Icing by Mike Iggulden.
3:28 of 3rd period - Victor Rask wins face-off versus Jay Beagle in Sabres zone.
3:28 of 3rd period - Victor Rask is hit by Gabriel Landeskog.
4:02 of 3rd period - Shot by Gabriel Landeskog.
4:02 of 3rd period - Shot Misses the Net.
5:05 of 3rd period - Shot by James Van Riemsdyk.
5:05 of 3rd period - Shot Misses the Net.
5:25 of 3rd period - Shot by Alexander Frolov.
5:25 of 3rd period - Stopped by Marc-Andre Fleury without a rebound.
5:26 of 3rd period - Brandon Pirri wins face-off versus Boone Jenner in Senators zone.
5:26 of 3rd period - Brandon Pirri is hit by Greg Amadio.
5:57 of 3rd period - Janne Lahti is hit by Greg Amadio and loses puck.
7:58 of 3rd period - Minor Penalty to Greg Amadio for Hooking.
7:59 of 3rd period - Nicklas Backstrom wins face-off versus Jay Beagle in Senators zone.
8:06 of 3rd period - Shot by Brent Seabrook.
8:06 of 3rd period - Shot Misses the Net.
8:08 of 3rd period - Shot by Andrej Sekera.
8:08 of 3rd period - Shot Blocked by Nick Holden.
8:10 of 3rd period - Shot by Andrej Sekera.
8:10 of 3rd period - Stopped by Marc-Andre Fleury without a rebound.
8:11 of 3rd period - Jay Beagle wins face-off versus Daniel Briere in Senators zone.
8:34 of 3rd period - Shot by Dougie Hamilton.
8:34 of 3rd period - Stopped by Marc-Andre Fleury without a rebound.
8:35 of 3rd period - Jarkko Immonen wins face-off versus Nicklas Backstrom in Senators zone.
8:35 of 3rd period - Jarkko Immonen is hit by Milan Lucic.
9:21 of 3rd period - Troy Brouwer is hit by Milan Lucic and loses puck.
9:38 of 3rd period - Dennis Seidenberg is hit by Daniel Briere and loses puck.
9:50 of 3rd period - Icing by Simon Despres.
9:51 of 3rd period - Daniel Briere wins face-off versus Jay Beagle in Sabres zone.
9:58 of 3rd period - Shot by James Van Riemsdyk.
9:58 of 3rd period - Stopped by Marc-Andre Fleury without a rebound.
9:59 of 3rd period - Boone Jenner wins face-off versus Brandon Pirri in Senators zone.
9:59 of 3rd period - Blake Wheeler is hit by Janne Lahti and loses puck.
10:11 of 3rd period - Minor Penalty to Brent Seabrook for Holding.
10:12 of 3rd period - Alexander Frolov wins face-off versus Valtteri Filppula in Sabres zone.
10:54 of 3rd period - Shot by Greg Amadio.
10:54 of 3rd period - Goal by Greg Amadio - Senators : 2 - Sabres : 4.
10:55 of 3rd period - Daniel Briere wins face-off versus J.T. Miller in neutral zone.
10:58 of 3rd period - Gabriel Landeskog is hit by Daniel Briere.
11:18 of 3rd period - Shot by Gabriel Landeskog.
11:18 of 3rd period - Shot Misses the Net.
11:26 of 3rd period - Shot by Jay Beagle.
11:26 of 3rd period - Deflect By Gabriel Landeskog.
11:26 of 3rd period - Stopped by Jake Allen with a rebound.
11:28 of 3rd period - Shot by Gabriel Landeskog.
11:28 of 3rd period - Stopped by Jake Allen with a rebound.
11:34 of 3rd period - Shot by Gabriel Landeskog.
11:34 of 3rd period - Stopped by Jake Allen without a rebound.
11:35 of 3rd period - Victor Rask wins face-off versus Jarkko Immonen in Sabres zone.
11:42 of 3rd period - Robert Nilsson is hit by Mike Iggulden and loses puck.
12:26 of 3rd period - Travis Hamonic is hit by Andrej Sekera and loses puck.
12:45 of 3rd period - Shot by James Van Riemsdyk.
12:45 of 3rd period - Deflect By J.P. Dumont.
12:45 of 3rd period - Shot Misses the Net.
12:50 of 3rd period - Icing by Travis Hamonic.
12:51 of 3rd period - Daniel Briere wins face-off versus Jarkko Immonen in Senators zone.
12:51 of 3rd period - Daniel Briere is hit by Travis Hamonic.
14:19 of 3rd period - Shot by J.P. Dumont.
14:19 of 3rd period - Stopped by Marc-Andre Fleury without a rebound.
14:20 of 3rd period - Victor Rask wins face-off versus Andrew Cogliano in Senators zone.
14:20 of 3rd period - Victor Rask is hit by Dennis Seidenberg.
14:21 of 3rd period - Minor Penalty to Dennis Seidenberg for Hooking.
14:22 of 3rd period - Nicklas Backstrom wins face-off versus Jay Beagle in Senators zone.
14:23 of 3rd period - Shot by Dougie Hamilton.
14:23 of 3rd period - Shot Blocked by Jay Beagle.
14:25 of 3rd period - Shot by Simon Despres.
14:25 of 3rd period - Shot Misses the Net.
14:27 of 3rd period - Shot by Nicklas Backstrom.
14:27 of 3rd period - Shot Misses the Net.
14:29 of 3rd period - Shot by Alexander Frolov.
14:29 of 3rd period - Shot Blocked by Ron Hainsey.
14:31 of 3rd period - Shot by Milan Lucic.
14:31 of 3rd period - Stopped by Marc-Andre Fleury without a rebound.
14:32 of 3rd period - Daniel Briere wins face-off versus Jay Beagle in Senators zone.
14:32 of 3rd period - Brent Seabrook is hit by Nikita Zaytsev and loses puck.
14:39 of 3rd period - Shot by Andrej Sekera.
14:39 of 3rd period - Shot Blocked by Ron Hainsey.
14:41 of 3rd period - Shot by Brent Seabrook.
14:41 of 3rd period - Stopped by Marc-Andre Fleury with a rebound.
14:43 of 3rd period - Shot by Brent Seabrook.
14:43 of 3rd period - Stopped by Marc-Andre Fleury without a rebound.
14:44 of 3rd period - Nicklas Backstrom wins face-off versus Jay Beagle in Senators zone.
15:15 of 3rd period - Shot by Alexander Frolov.
15:15 of 3rd period - Stopped by Marc-Andre Fleury without a rebound.
15:16 of 3rd period - Jarkko Immonen wins face-off versus Daniel Briere in Senators zone.
15:34 of 3rd period - Icing by Andrej Sekera.
15:35 of 3rd period - Daniel Briere wins face-off versus Jarkko Immonen in Sabres zone.
15:35 of 3rd period - Daniel Briere is hit by Troy Brouwer.
15:38 of 3rd period - Icing by Andrej Sekera.
15:39 of 3rd period - Daniel Briere wins face-off versus Jay Beagle in Sabres zone.
16:20 of 3rd period - Shot by James Van Riemsdyk.
16:20 of 3rd period - Stopped by Marc-Andre Fleury with a rebound.
16:26 of 3rd period - Shot by Mike Iggulden.
16:26 of 3rd period - Stopped by Marc-Andre Fleury with a rebound.
16:32 of 3rd period - Shot by Milan Lucic.
16:32 of 3rd period - Stopped by Marc-Andre Fleury without a rebound.
16:33 of 3rd period - Boone Jenner wins face-off versus Brandon Pirri in Senators zone.
16:35 of 3rd period - Blake Wheeler is hit by Janne Lahti and loses puck.
16:36 of 3rd period - Minor Penalty to Janne Lahti for High sticking.
16:37 of 3rd period - Alexander Frolov wins face-off versus Boone Jenner in Sabres zone.
16:45 of 3rd period - Icing by Travis Hamonic.
16:46 of 3rd period - Boone Jenner wins face-off versus Alexander Frolov in Senators zone.
18:00 of 3rd period - Shot by Nikita Zaytsev.
18:00 of 3rd period - Stopped by Jake Allen without a rebound.
18:01 of 3rd period - Valtteri Filppula wins face-off versus Nicklas Backstrom in Sabres zone.
18:04 of 3rd period - Shot by Troy Brouwer.
18:04 of 3rd period - Shot Blocked by Dougie Hamilton.
18:12 of 3rd period - Shot by Guillaume Desbiens.
18:12 of 3rd period - Shot Misses the Net.
18:14 of 3rd period - Shot by Nick Holden.
18:14 of 3rd period - Shot Misses the Net.
18:47 of 3rd period - Icing by Brandon Pirri.
18:48 of 3rd period - Jarkko Immonen wins face-off versus Brandon Pirri in Sabres zone.
18:57 of 3rd period - Shot by Ron Hainsey.
18:57 of 3rd period - Shot Blocked by Olli Maata.
19:00 of 3rd period - Icing by Olli Maata.
19:01 of 3rd period - Jay Beagle wins face-off versus Brandon Pirri in Sabres zone.
19:36 of 3rd period - Icing by Gabriel Landeskog.
19:37 of 3rd period - Daniel Briere wins face-off versus Jay Beagle in Senators zone.
19:40 of 3rd period - Shot by Nicklas Backstrom.
19:40 of 3rd period - Stopped by Marc-Andre Fleury without a rebound.
19:41 of 3rd period - Daniel Briere wins face-off versus Andrew Cogliano in Senators zone.
19:42 of 3rd period - Shot by Nicklas Backstrom.
19:42 of 3rd period - Stopped by Marc-Andre Fleury without a rebound.
19:43 of 3rd period - Guillaume Desbiens wins face-off versus Daniel Briere in Senators zone.
Goals for this period are 1 for Senators vs 0 for Sabres.
Shots for this period are 5 for Senators vs 15 for Sabres.